 Dungeon Crawl Stone Soup version 0.30-a0-311-gf115ab0292 (webtiles) character file.

Game seed: 14201802237954835512

16 Sobieck the Caller (level 2, 0/19 HPs)
             Began as a Mummy Summoner on Oct 25, 2022.
             Slain by Natasha (3 damage)
             ... on level 2 of the Dungeon.
             The game lasted 00:02:48 (454 turns).

Sobieck the Caller (Mummy Summoner)                  Turns: 454, Time: 00:02:49

Health: 0/19       AC:  2    Str: 11    XL:     2   Next: 41%
Magic:  2/6        EV: 12    Int: 14    God:
Gold:   11         SH:  0    Dex: 12    Spells: 4/7 levels left

rFire   x . .      SeeInvis .    f - +0 dagger {short}
rCold   + . .      Faith    +    (no shield)
rNeg    + + +      Spirit   .    a - +0 robe
rPois   ∞          Reflect  .    (no helmet)
rElec   .          Harm     .    (no cloak)
rCorr   .          Rampage  .    (no gloves)
Will    .....                    (no boots)
Stlth   ++........               (no amulet)
HPRegen 0.23/turn                (no ring)
MPRegen 0.10/turn                (no ring)

@: no status effects
A: cold resistance 1, negative energy resistance 3, torment resistance 2, heat
vulnerability 1, no potions, faith
a: no special abilities


You were on level 2 of the Dungeon.
You visited 1 branch of the dungeon, and saw 2 of its levels.

You collected 11 gold pieces.


Innate Abilities, Weirdness & Mutations

You are immune to poison.
Your flesh is cold resistant. (rC+)
You are immune to negative energy. (rN+++)
You are immune to unholy pain and torment.
You are vulnerable to heat. (rF-)
You do not drink.
You have a special connection with the divine. (Faith)


   Skills:
 - Level 1.5 Dodging
 - Level 1.5 Stealth
 + Level 3.4 Spellcasting
 + Level 3.5 Summonings


You had 4 spell levels left.
You knew the following spells:

 Your Spells              Type           Power      Damage    Failure   Level
a - Call Imp              Summ           12%        N/A       7%          2
b - Summon Small Mammal   Summ           48%        N/A       4%          1

Your spell library contained the following spells:

 Spells                   Type           Power      Damage    Failure   Level
 Call Canine Familiar     Summ           12%        N/A       14%         3
 Summon Guardian Golem    Hex/Summ       7%         N/A       30%         3
 Summon Lightning Spire   Summ/Air       7%         N/A       69%         4

Inventory:

Hand Weapons
 f - a +0 dagger (weapon) {short}
   (You took it off a goblin on level 2 of the Dungeon)
Missiles
 c - 10 stones {throwing}
 d - 2 atropa-tipped darts {throwing}
Armour
 a - a +0 robe (worn)
 g - a +0 robe
   (You found it on level 2 of the Dungeon)
Scrolls
 b - a scroll of immolation {unknown}
 e - a scroll of identify {unknown}

Dungeon Overview and Level Annotations

Branches:
Dungeon (1/15) Zot: 11545

Altars:

Annotations:
D:2 Natasha

........####................###..
........#...................# .
........#...#...#'#.........# .
........#)..#...#.#.........#
............#...#5#.........#
............#...#.#.........#
...........##...#.#.....5...#
)..........##...#h#.........#
.##........+....@.#.........#
.##.†......##...#.#.........#
.##........######.#.........#
.##........######.######.####
.##......................#
###........######.######## #
#.....##.# #.# # #.....##.#
###.######## # ###### #.#
#...........


You could see Natasha and a shadow imp (summoned).


Message History

Unknown command.
Natasha misses your rat.
Your rat misses Natasha.
Unknown command.
Natasha claws your rat.
Your rat dies!
Your rat's corpse disappears in a puff of smoke!
The white imp spits at you.
You see here a +0 club {mace}.
Unknown command.
Natasha claws your crimson imp but does no damage.
Your crimson imp blinks!
Unknown command.
Natasha claws your quokka!
Your quokka dies!
Your quokka's corpse disappears in a puff of smoke!
Unknown command.
Unknown command.
Unknown command.
Your crimson imp disappears in a puff of smoke!
Unknown command.
Unknown command.
Casting: Summon Small Mammal (safe; 4% risk of failure)
Confirm with . or Enter, or press ? or * to list all spells.
A beastly little devil appears in a puff of frigid air.
Casting: Call Imp (safe; 7% risk of failure)
Confirm with . or Enter, or press ? or * to list all spells.
Unknown command.
Natasha stares at you and mumbles some strange words.
The magic dart hits your white imp!
Your white imp gestures at Natasha.
The puff of frost hits Natasha.
Unknown command.
You are out of magic!
Unknown command.
Natasha mumbles some strange words.
Your bat barely misses Natasha.
Unknown command.
Unknown command.
Your bat barely misses Natasha. x2
Natasha casts a spell at your white imp.
Your white imp seems to slow down.
Your quokka misses the white imp.
Your white imp closely misses Natasha.
Unknown command.
Unknown command.
Your bat barely misses Natasha.
Natasha claws your white imp!
Your white imp dies!
Your white imp disappears in a puff of smoke!
The white imp misses your bat.
Natasha hisses angrily.
Unknown command.
Unknown command.
Casting: Summon Small Mammal (safe; 4% risk of failure)
Confirm with . or Enter, or press ? or * to list all spells.
Okay, then.
Unknown command.
Your bat completely misses the crimson imp.
Your quokka bites Natasha.
Natasha casts a spell at your quokka. The magic dart hits your quokka!
Your quokka dies!
Your quokka's corpse disappears in a puff of smoke!
The white imp spits at you. The white imp gestures at you.
The puff of frost misses you.
Unknown command.
Your bat barely misses the crimson imp.
Natasha casts a spell.
The white imp gestures at you. The puff of frost hits your bat!
Your bat dies!
Your bat's corpse disappears in a puff of smoke!
Unknown command.
The crimson imp blinks!
Unknown command.
The crimson imp blinks!
The white imp gestures at you. The puff of frost hits you. You resist.
You miss the crimson imp. The crimson imp closely misses you.
Unknown command.
The white imp gestures at you. The puff of frost hits you. You resist.
The crimson imp hits you.
Unknown command.
The crimson imp sputters.
The crimson imp blinks!
Unknown command.
Unknown command.
You open the door. Natasha claws you.
* * * LOW HITPOINT WARNING * * *
The crimson imp blinks!
The white imp disappears in a puff of smoke!
Natasha casts a spell at you. The magic dart hits you!
* * * LOW HITPOINT WARNING * * *
There is an open door here.
Natasha attacks as you move away! Natasha closely misses you.
Natasha stares at you and mumbles some strange words.
You resist with significant effort.
Unknown command.
Unknown command.
Natasha claws you.
You die...

Skill      XL: |  1 |
---------------+----+-----
Spellcasting   | 3 |  3.4
Dodging        | |  1.5
Stealth        | |  1.5
Summonings     | |  3.5

Action                   || total
-------------------------++-------
Melee: Unarmed           ||    18
       Dagger            ||    14
       Punch             ||     1
 Cast: Summon Small Mamm ||    14
       Call Imp          ||     5
 Stab: Distracted        ||     1
       Sleeping          ||     1
Armor: Robe              ||     8
Dodge: Dodged            ||    36

Levels and vault maps discovered:
D:1:      ncdulo_watergridlock, layout_basic,
          hellmonk_ecumenical_altar_leap_of_faith, minmay_surrounded
D:2:      layout_basic, minmay_pentomino_v4, uniq_natasha

Notes
Turn   | Place    | Note
-------+----------+-------------------------------------------
     0 | D:1      | Sobieck the Mummy Summoner began the quest for the Orb.
     0 | D:1      | Reached XP level 1. HP: 13/13 MP: 4/4
    57 | D:1      | HP: 3/13 [quokka (2)]
    62 | D:1      | HP: 2/13 [quokka (2)]
    63 | D:1      | You fall into a shaft and drop 1 floor!
   147 | D:2      | Noticed Natasha
   170 | D:2      | Reached skill level 3 in Spellcasting
   236 | D:2      | Reached XP level 2. HP: 13/19 MP: 3/6
   263 | D:2      | Learned a level 2 spell: Call Imp
   435 | D:2      | Noticed a crimson imp
   448 | D:2      | HP: 2/19 [Natasha/magic dart (8)]
   454 | D:2      | Slain by Natasha

Vanquished Creatures
  A dart slug (D:2)
  An endoplasm (D:2)
  A jackal (D:1)
  A quokka (D:2)
  A kobold (D:2)
5 creatures vanquished.

Vanquished Creatures (collateral kills)
  A ball python (D:2)
  A giant cockroach (D:2)
  2 goblins (D:2)
  A hobgoblin (D:2)
  A kobold (D:2)
  2 rats (D:2)
8 creatures vanquished.

Grand Total: 13 creatures vanquished

Table legend:
 A = Non-vault XP
 B = Vault XP
 C = Vault XP percentage of total XP
 D = Non-vault monster count
 E = Vault monster count
 F = Vault count percentage of total count
                 A         B        C        D         E       F
            +---------+---------+-------+---------+---------+-------
      Total |      24 |       0 |   0.0 |      13 |       0 |   0.0
            +---------+---------+-------+---------+---------+-------
        D:1 |       2 |       0 |   0.0 |       1 |       0 |   0.0
        D:2 |      22 |       0 |   0.0 |      12 |       0 |   0.0
            +---------+---------+-------+---------+---------+-------

Illustrated notes

Table legend:
 A = Kills in this place as a percentage of kills in entire the game.
 B = Kills by you in this place as a percentage of kills by you in the entire game.
 C = Kills by friends in this place as a percentage of kills by friends in the entire game.
 D = Other kills in this place as a percentage of other kills in the entire game.
 E = Experience gained in this place as a percentage of experience gained in the entire game.
 F = Experience gained in this place divided by the number of levels of this place that you have seen.
                   A       B       C       D       E      F
               +-------+-------+-------+-------+-------+----------------------
         Total | 100.0 | 100.0 | 100.0 |   N/A | 100.0 |  12.0
       Dungeon | 100.0 | 100.0 | 100.0 |   N/A | 100.0 |  12.0
               +-------+-------+-------+-------+-------+----------------------

Table legend: (Time is in decaauts)
 A = Elapsed time spent in this place.
 B = Non-inter-level travel time spent in this place.
 C = Inter-level travel time spent in this place.
 D = Time resting spent in this place.
 E = Time spent auto-exploring this place.
 F = Levels seen in this place.
 G = Mean time per level.
                   A        B        C        D        E       F      G
               +--------+--------+--------+--------+--------+-----+--------+
         Total |    453 |    453 |      0 |     81 |     65 |   2 |  226.5 |
       Dungeon |    453 |    453 |      0 |     81 |     65 |   2 |  226.5 |
               +--------+--------+--------+--------+--------+-----+--------+

Top non-repeatable levels by time:
     D:2: 390 daAuts
     D:1: 63 daAuts
